 Dungeon Crawl Stone Soup version 0.16.2-12-gd0ad4c3 (webtiles) character file.

296169 faibistes the Eclecticist (level 20, -4/121 HPs)
             Began as a Deep Elf Wizard on Nov 10, 2018.
             Was the Champion of Sif Muna.
             Slain by a fire giant
             ... wielding a +2 great sword of flaming
              (10 damage)
             ... on level 1 of the Vaults on Nov 11, 2018.
             The game lasted 04:18:49 (78401 turns).

faibistes the Eclecticist (Deep Elf Wizard)        Turns: 78401, Time: 04:18:50

Health: -4/121     AC: 15    Str:  7    XL:     20   Next: 7%
Magic:  5/65       EV: 21    Int: 35    God:    Sif Muna [******]
Gold:   1001       SH:  0    Dex: 20    Spells: 10 memorised, 6 levels left

rFire  . . .     SeeInvis +     w - staff of power
rCold  . . .     Clarity  .     a - +2 robe {Archmagi}
rNeg   . . .     SustAb   .     (no shield)
rPois  .         Gourm    +     c - +1 hat
rElec  .         Spirit   .     R - +2 cloak
rCorr  .         Warding  .     g - +2 pair of gloves {Dex+3}
rMut   .         Stasis   .     Q - +2 pair of boots {Fly}
MR     ++...                    B - amulet of the gourmand
Stlth  ++........               F - ring of wizardry
                                q - ring "Unymahieba" {MP+9 Str+3 Dex+4 SInv}

@: flying, deflect missiles, very resistant to hostile enchantments, unstealthy
A: rugged brown scales 1, clever 1
a: Channel Energy, Forget Spell, Renounce Religion, Stop Flying
}: 2/15 runes: barnacled, gossamer


You were on level 1 of the Vaults.
You worshipped Sif Muna.
Sif Muna was exalted by your worship.
You were very full.

You visited 8 branches of the dungeon, and saw 41 of its levels.
You also visited: Sewer.

You collected 4074 gold pieces.
You spent 3073 gold pieces at shops.

Inventory:

Hand weapons
 V - the +2 great sword of the Known World {drain, rN+ Int+5}
   (You found it on level 1 of the Shoals)

   A truly terrible weapon, it drains the life of those it strikes.
   It affects your intelligence (+5).
   It protects you from negative energy.
Armour
 a - a +2 robe of the Archmagi (worn)
 c - a +1 hat (worn)
 g - a +2 pair of gloves of dexterity (worn)
 Q - a +2 pair of boots of flying (worn)
 R - a +2 cloak (worn)
Magical staves
 t - an uncursed staff of cold
 w - an uncursed staff of power (weapon)
Jewellery
 q - the ring "Unymahieba" (left hand) {MP+9 Str+3 Dex+4 SInv}
   (You bought it in a shop on level 4 of the Dungeon)

   [ring of magical power]

   It affects your strength (+3).
   It affects your dexterity (+4).
   It affects your magic capacity (+9).
   It enhances your eyesight.
 r - an uncursed amulet of resist corrosion
 x - an uncursed ring of fire
 y - the ring of Gogy {MP+9 Int+3}
   (You found it on level 5 of the Shoals)

   [ring of magical power]

   It affects your intelligence (+3).
   It affects your magic capacity (+9).
 B - an amulet of the gourmand (around neck)
 F - a ring of wizardry (right hand)
 O - the ring of Psychosis {rElec rPois MR- Str+3 Dex+2 Stlth+}
   (You found it on level 2 of the Spider Nest)

   [ring of strength]

   It affects your strength (+3).
   It affects your dexterity (+2).
   It insulates you from electricity.
   It protects you from poison.
   It affects your resistance to hostile enchantments.
   It makes you more stealthy.
Magical devices
 f - a wand of heal wounds (1)
 k - a wand of hasting (3)
 A - a wand of digging (14)
 C - a wand of lightning (3)
 G - a wand of paralysis (12)
 L - a wand of cold (7)
 N - a wand of lightning (9)
 T - a wand of fireball (3)
 X - a wand of paralysis (12)
 Z - a wand of fire (9)
Scrolls
 l - 14 scrolls of remove curse
 m - 10 scrolls of teleportation
 p - a scroll of summoning
 s - 8 scrolls of blinking
 v - 4 scrolls of magic mapping
 D - 5 scrolls of fear
 E - 7 scrolls of immolation
 J - 9 scrolls of recharging
 S - 18 scrolls of identify
 W - a scroll of fog
Potions
 e - 7 potions of curing
 j - a potion of resistance
 n - a potion of invisibility
 o - 12 potions of heal wounds
 u - 4 potions of haste
 z - 6 potions of ambrosia
 H - 5 potions of restore abilities
 M - 3 potions of magic
 P - 5 potions of brilliance
Comestibles
 d - 14 bread rations
 h - 14 royal jellies
 i - 19 meat rations


   Skills:
 + Level 10.4 Fighting
 - Level 10.0 Dodging
 - Level 2.4 Stealth
 * Level 20.8 Spellcasting
 * Level 15.5 Conjurations
 - Level 11.0 Charms
   Level 1.1 Summonings
 + Level 10.5 Translocations
 - Level 4.0 Transmutations
 * Level 15.5 Fire Magic
 - Level 3.9 Air Magic
 + Level 16.2 Earth Magic
 - Level 2.8 Poison Magic
 - Level 10.6 Invocations
 - Level 9.0 Evocations


You had 6 spell levels left.
You knew the following spells:

 Your Spells              Type           Power        Failure   Level  Hunger
a - Lehudib's Crystal Sp  Conj/Erth      ########..   4%          8    ####...
b - Ring of Flames        Chrm/Fire      ########..   1%          7    None
d - Blink                 Tloc           N/A          0%          2    None
e - Poisonous Cloud       Conj/Pois/Air  #######...   3%          6    None
f - Deflect Missiles      Chrm/Air       #######...   3%          6    None
i - Ignite Poison         Fire/Trmt      ########..   1%          5    None
l - Lee's Rapid Deconstr  Erth           ########..   1%          5    None
v - Bolt of Fire          Conj/Fire      ########..   1%          6    None
x - Force Lance           Conj/Tloc      ########     1%          4    None
z - Fireball              Conj/Fire      ########..   1%          5    None


Dungeon Overview and Level Annotations

Branches:
Dungeon (15/15)            Temple (1/1) D:6            Lair (8/8) D:8
 Shoals (5/5) Lair:3       Spider (5/5) Lair:4        Slime (0/6) Lair:7
    Orc (4/4) D:12            Elf (2/3) Orc:4        Vaults (1/5) D:14
 Depths (0/5) D:15

Altars:
Ashenzari
Cheibriados
Dithmenos
Elyvilon
Fedhas
Gozag
Kikubaaqudgha
Makhleb
Nemelex Xobeh
Okawaru
Qazlal
Ru
Sif Muna
Trog
Vehumet
Xom
Yredelemnul
Zin
The Shining One
Beogh

Shops:
D:4 =   D:6 [   D:12 [   D:13 :=*}   Orc:2 *   Orc:3 %}[}(   Orc:4 *[(:
Elf:1 (   Vaults:1 [

Annotations:
Lair:1 exclusion: oklob plant


Innate Abilities, Weirdness & Mutations

You are partially covered in rugged brown scales (AC +1, +3% HP).
Your mind is acute. (Int +2)


Message History

Casting: Lehudib's Crystal Spear
Confirm with . or Enter, or press ? or * to list all spells.
Aiming: Lehudib's Crystal Spear
Press: ? - help, Shift-Dir - straight line, f/p - fire giant
Aim: a fire giant, wielding a great sword of flaming (severely wounded)
You feel a surge of power!
You miscast Lehudib's Crystal Spear.
Sif Muna protects you from the effects of your miscast!
The fire giant gestures at you while chanting.
The fireball explodes!
The fireball engulfs you!
* * * LOW HITPOINT WARNING * * *
The fireball engulfs the fire giant.
The fire giant resists.
Evoke which item? (* to show all) (? for menu, Esc to quit)
Zapping:
L - a wand of cold (will waste charges)
Press: ? - help, Shift-Dir - straight line, f/p - fire giant
Aim: a fire giant, wielding a great sword of flaming (severely wounded)
The bolt of cold hits the fire giant.
The fire giant is almost dead.
Evoking this partially-identified wand wasted a few charges.
The fire giant hits you with a great sword of flaming!
You die...

..#.....#..##
##..#
..####'##'##
##'#
........'.#
#.#
...^....#+#
##'#
..#######
##..#
.÷#.....#
##...#
..#.....#
###..###
.†#.....#
+.(..#
..'.....#
###@##
..#.....#
#.C#
#########
.)##) ### ##


You could see a fire giant.

Vanquished Creatures
  Asterion (Elf:1)
  Rupert (Shoals:3)
  Agnes (Elf:1)
  Frances (D:14)
  Ilsuiw (Shoals:5)
  Donald (Shoals:2)
  Wiglaf (Elf:2)
  A ghost moth (Spider:3)
  Maud (Shoals:1)
  2 vault wardens (Vaults:1)
  Louise (D:14)
  9 emperor scorpions
  An orc warlord (Orc:4)
  Gastronok (Lair:1)
  Jorgrun (Shoals:5)
  2 ironheart preservers (Vaults:1)
  2 deep elf demonologists
  A very ugly thing (Vaults:1)
  The ghost of faibistes the Thaumaturge, a powerful DEWz of Sif Muna (Elf:2)
  2 deep elf annihilators (Vaults:1)
  The ghost of faibistes the Thaumaturge, a powerful DEWz of Sif Muna (Lair:7)
  Snorg (Lair:4)
  6 merfolk javelineers
  2 deep elf death magi
  3 merfolk impalers (Shoals:5)
  A crystal guardian (D:14)
  Josephine (D:14)
  The ghost of pedritolo the Bewitcher, a powerful SpEn of Dithmenos (Shoals:5)
  8 vault guards
  10 hydras
  A yaktaur captain (Vaults:1)
  Fannar (Lair:4)
  Harold (Lair:8)
  The ghost of faibistes the Thaumaturge, a powerful DEWz of Sif Muna (Lair:4)
  2 catoblepae
  2 satyrs (Shoals:5)
  3 centaur warriors
  An alligator snapping turtle (Shoals:5)
  17 dancing weapons (Elf:2)
  4 merfolk avatars
  A tengu warrior (D:15)
  6 merfolk aquamancers
  5 orc high priests
  A deep troll shaman (Lair:8)
  6 death yaks (Lair:8)
  6 ogre magi
  Urug (Elf:1)
  Nergalle (Lair:8)
  A hell knight (D:15)
  16 deep elf knights
  A deep troll (D:14)
  A skeletal warrior (Vaults:1)
  5 unseen horrors
  13 hill giants
  12 deep elf summoners
  A giant orange brain (Vaults:1)
  A wizard (D:14)
  An unseen horror (shapeshifter) (D:15)
  An ice statue (D:14)
  21 sea snakes
  An ironbrand convoker (Vaults:1)
  Pikel (D:4)
  6 orc sorcerers
  17 manticores
  15 harpies
  A lindwurm (Lair:8)
  9 orc knights
  32 wolf spiders
  23 orb spiders
  18 griffons
  18 ugly things
  2 fauns
  11 deep elf conjurers
  6 hornets
  An oklob plant (Lair:7)
  8 water nymphs
  9 cyclopes
  2 moths of wrath
  9 sirens
  A cyclops (shapeshifter) (Vaults:1)
  15 elephants
  11 black mambas
  6 vault sentinels (Vaults:1)
  A queen ant (Spider:3)
  8 spiny frogs
  A guardian serpent (shapeshifter) (D:15)
  3 gargoyles
  2 torpor snails
  An octopode (shapeshifter) (D:15)
  2 centaur skeletons
  3 fire drakes
  A hellwing (Vaults:1)
  A redback zombie (D:15)
  7 komodo dragons
  3 kobold demonologists
  17 demonic crawlers
  7 yaktaurs
  A tengu conjurer (D:15)
  11 deep elf priests
  5 two-headed ogres
  3 freezing wraiths
  A queen bee (Spider:4)
  A polar bear (Lair:8)
  8 trolls
  7 slime creatures (Vaults:1)
  Sonja (Orc:4)
  32 merfolk
  A blink frog (shapeshifter) (Vaults:1)
  Grinder (D:4)
  Prince Ribbit (D:7)
  51 jumping spiders
  4 wind drakes
  A baby alligator (shapeshifter) (Elf:2)
  8 blink frogs
  3 boulder beetles
  A tengu simulacrum (Vaults:1)
  22 trapdoor spiders
  8 snapping turtles
  A raven (shapeshifter) (Vaults:1)
  3 ravens (D:15)
  A basilisk (Lair:8)
  34 redbacks
  A redback (shapeshifter) (D:14)
  5 wyverns
  30 deep elf magi
  A tarantella (shapeshifter) (Elf:1)
  12 water elementals
  58 yaks
  6 wraiths
  21 tarantellas
  25 deep elf fighters
  A shadow (D:15)
  A steam dragon (D:10)
  5 hungry ghosts
  16 vampire mosquitoes
  14 hippogriffs
  6 wargs
  2 mottled dragons (Vaults:1)
  20 wolves
  Menkaure (D:7)
  17 water moccasins
  5 porcupines
  23 soldier ants
  3 wasps
  3 sky beasts
  Purgy (Sewer)
  4 black bears
  A dwarf (shapeshifter) (D:14)
  39 orc warriors
  5 ice beasts
  11 centaurs
  2 boring beetles (Lair:8)
  37 spiders
  25 ogres
  2 necrophages
  3 phantoms
  12 crocodiles
  Duvessa (D:7)
  A brain worm (Lair:8)
  34 giant frogs
  20 big kobolds
  A gnoll sergeant (D:8)
  A glowing shapeshifter simulacrum (Vaults:1)
  11 scorpions
  42 killer bees
  A vampire bat (D:6)
  21 wights
  Dowan (D:7)
  8 crimson imps
  A quasit (D:13)
  3 electric eels
  6 centaur zombies
  4 giant frog zombies
  2 jellies
  Crazy Yiuf (D:2)
  31 orc priests
  18 hounds
  10 iguanas
  2 giant frog skeletons
  39 orc wizards
  5 hell rats
  11 sheep
  A killer bee zombie (D:9)
  An ogre zombie (D:9)
  28 worker ants
  Ijyb (D:4)
  2 hound zombies
  A hound skeleton (D:4)
  A mummy (D:8)
  3 worker ant zombies
  Robin (D:3)
  6 gnolls
  An orc zombie (D:9)
  21 adders
  61 river rats
  7 shadow imps
  3 worms
  4 giant mites
  2 adder skeletons
  An adder zombie (D:9)
  7 giant geckos
  2 oozes
  223 orcs
  2 ball pythons (D:2)
  36 bats
  5 bat skeletons
  A bat zombie (D:6)
  11 giant cockroaches
  29 goblins
  25 hobgoblins
  10 jackals
  56 kobolds
  12 quokkas
  A giant gecko skeleton (D:4)
  5 giant newts
  2 giant spores
  A jackal skeleton (D:7)
  A kobold skeleton (D:9)
  2 orc skeletons (D:9)
  A quokka skeleton (D:6)
  A quokka zombie (D:10)
  32 rats
  A ballistomycete (D:12)
  7 fungi
  5 plants
2005 creatures vanquished.

Vanquished Creatures (collateral kills)
  A scorpion (D:7)
  A killer bee (D:12)
  3 jackals (D:5)
5 creatures vanquished.

Vanquished Creatures (others)
  An orb spider (Spider:2)
  Eustachio (D:4)
  An orc warrior (D:10)
  A slave (D:4)
  A scorpion (D:4)
  5 crimson imps
  A shadow imp (D:5)
  A white imp (D:7)
  3 giant spores
  A rat (D:4)
  38 fungi
  25 plants
79 creatures vanquished.

Grand Total: 2089 creatures vanquished

Notes
Turn   | Place    | Note
--------------------------------------------------------------
     0 | D:1      | faibistes, the Deep Elf Wizard, began the quest for the Orb.
     0 | D:1      | Reached XP level 1. HP: 10/10 MP: 6/6
   249 | D:1      | Reached XP level 2. HP: 15/15 MP: 0/10
   257 | D:1      | Learned a level 2 spell: Blink
   260 | D:1      | Learned a level 2 spell: Call Imp
   588 | D:2      | Reached skill level 5 in Spellcasting
   868 | D:1      | Reached XP level 3. HP: 19/19 MP: 12/14
   873 | D:1      | Learned a level 3 spell: Conjure Flame
   877 | D:1      | Learned a level 3 spell: Mephitic Cloud
   878 | D:1      | Found a sparkling altar of Nemelex Xobeh.
  1634 | D:2      | Noticed Crazy Yiuf
  1640 | D:2      | Killed Crazy Yiuf
  1640 | D:2      | Reached XP level 4. HP: 16/24 MP: 9/17
  1702 | D:2      | Learned a level 2 spell: Repel Missiles
  2134 | D:3      | Found a glowing drain.
  2141 | Sewer    | Entered a sewer
  2211 | Sewer    | Noticed Purgy
  2228 | Sewer    | Killed Purgy
  2228 | Sewer    | Reached skill level 6 in Spellcasting
  2228 | Sewer    | Reached XP level 5. HP: 22/28 MP: 8/20
  2837 | D:2      | Noticed Robin
  2975 | D:3      | Killed Robin
  3230 | D:2      | Reached XP level 6. HP: 32/32 MP: 15/22
  5032 | D:4      | Noticed Pikel
  5032 | D:4      | Noticed a slave
  5032 | D:4      | Noticed a slave
  5032 | D:4      | Noticed a slave
  5034 | D:4      | Noticed a slave
  5041 | D:4      | Killed Pikel
  5041 | D:4      | Reached skill level 5 in Dodging
  5041 | D:4      | Reached skill level 7 in Spellcasting
  5041 | D:4      | Reached XP level 7. HP: 29/40 MP: 17/25
  5240 | D:4      | Noticed Ijyb
  5242 | D:4      | Noticed Eustachio
  5282 | D:4      | Killed Ijyb
  5292 | D:4      | Killed Eustachio
  5349 | D:5      | Entered Level 5 of the Dungeon
  5461 | D:4      | Found Seefeir's Jewellery Shop.
  5599 | D:5      | Reached skill level 8 in Spellcasting
  5853 | D:4      | Noticed Grinder
  5862 | D:4      | Killed Grinder
  5862 | D:4      | Reached XP level 8. HP: 38/46 MP: 15/27
  6240 | D:4      | Noticed an ogre
  6249 | D:4      | Killed an ogre
  6500 | D:5      | Reached skill level 9 in Spellcasting
  7511 | D:6      | Reached skill level 10 in Spellcasting
  7511 | D:6      | Reached XP level 9. HP: 52/52 MP: 17/30
  7613 | D:6      | Found a staircase to the Ecumenical Temple.
  7698 | Temple   | Entered the Ecumenical Temple
  7886 | Temple   | Became a worshipper of Sif Muna the Loreminder
  8143 | D:8      | Reached skill level 1 in Fire Magic
  8214 | D:7      | Reached skill level 1 in Air Magic
  8222 | D:7      | Reached skill level 1 in Poison Magic
  8382 | D:7      | Noticed Duvessa
  8382 | D:7      | Noticed Dowan
  8691 | D:6      | Acquired Sif Muna's first power
  9406 | D:6      | Reached skill level 11 in Spellcasting
  9653 | D:6      | Reached skill level 5 in Conjurations
  9717 | D:6      | Found Liecorys' Armour Shoppe.
  9980 | D:6      | Found an ancient bone altar of Kikubaaqudgha.
 10251 | D:7      | Killed Duvessa
 10251 | D:7      | Reached XP level 10. HP: 56/58 MP: 22/32
 10311 | D:7      | Killed Dowan
 10535 | D:7      | Found a shattered altar of Ashenzari.
 10648 | D:7      | Acquired Sif Muna's second power
 10762 | D:7      | Noticed Menkaure
 10762 | D:7      | Noticed Prince Ribbit
 10882 | D:7      | Killed Prince Ribbit
 11029 | D:7      | Killed Menkaure
 11647 | D:7      | Found a bloodstained altar of Trog.
 11724 | D:7      | Reached skill level 1 in Charms
 12225 | D:9      | Reached skill level 5 in Evocations
 12248 | D:9      | Reached skill level 1 in Invocations
 12490 | D:4      | Bought the ring "Unymahieba" {MP+9 Str+3 Dex+4 SInv} for 459 gold pieces
 12512 | D:4      | Killed a freed slave
 12964 | D:8      | Found a glowing silver altar of Zin.
 12964 | D:8      | Found a shadowy altar of Dithmenos.
 13358 | D:8      | Learned a level 4 spell: Petrify
 13371 | D:8      | Found a staircase to the Lair.
 13701 | D:8      | Found a snail-covered altar of Cheibriados.
 13726 | D:8      | Found a radiant altar of Vehumet.
 13845 | D:9      | Reached skill level 1 in Transmutations
 14061 | D:9      | Reached skill level 1 in Earth Magic
 14183 | D:10     | Entered Level 10 of the Dungeon
 14631 | D:9      | Reached skill level 5 in Fighting
 15558 | D:9      | Learned a level 5 spell: Ignite Poison
 15723 | D:10     | Noticed a hill giant
 15733 | D:10     | Killed a hill giant
 15733 | D:10     | Reached skill level 12 in Spellcasting
 15733 | D:10     | Reached XP level 11. HP: 58/63 MP: 28/34
 16114 | D:10     | Noticed a hill giant
 16122 | D:10     | Killed a hill giant
 16344 | D:10     | Learned a level 1 spell: Animate Skeleton
 17665 | Lair:1   | Entered Level 1 of the Lair of Beasts
 17965 | Lair:1   | Noticed Gastronok
 17978 | Lair:1   | Killed Gastronok
 18605 | Lair:1   | Acquired Sif Muna's third power
 18966 | Lair:1   | Noticed a seven-headed hydra
 18977 | Lair:1   | Learned a level 4 spell: Force Lance
 18993 | Lair:1   | Killed a seven-headed hydra
 19816 | Lair:3   | Reached skill level 5 in Invocations
 20317 | Lair:2   | Noticed a six-headed hydra
 20328 | Lair:2   | Killed a six-headed hydra
 20328 | Lair:2   | Reached skill level 5 in Fire Magic
 20328 | Lair:2   | Reached XP level 12. HP: 68/68 MP: 25/35
 20800 | Lair:3   | Found a staircase to the Shoals.
 20891 | Lair:5   | Noticed Snorg
 20891 | Lair:5   | Reached skill level 13 in Spellcasting
 21079 | Lair:4   | Killed Snorg
 21079 | Lair:4   | Reached skill level 5 in Earth Magic
 21317 | Lair:5   | Noticed a six-headed hydra
 21317 | Lair:5   | Reached skill level 5 in Charms
 21321 | Lair:5   | Killed a six-headed hydra
 21321 | Lair:5   | Reached skill level 5 in Translocations
 23572 | Lair:5   | Noticed a four-headed hydra
 23583 | Lair:5   | Killed a four-headed hydra
 23659 | Lair:5   | Noticed Fannar
 23796 | Lair:4   | Killed Fannar
 23796 | Lair:4   | Received a gift from Sif Muna
 23797 | Lair:4   | Identified Straew's Guide on Conjuration and Air (Sif Muna gifted it to you on level 4 of the Lair of Beasts)
 23946 | Lair:4   | Noticed a six-headed hydra
 24008 | Lair:4   | Killed a six-headed hydra
 24008 | Lair:4   | Reached XP level 13. HP: 74/74 MP: 30/36
 24203 | D:6      | Bought a +1 robe of the Archmagi for 392 gold pieces
 24277 | D:8      | Learned a level 5 spell: Lightning Bolt
 24329 | Lair:4   | Noticed faibistes' ghost (powerful DEWz)
 24338 | Lair:4   | Killed faibistes' ghost
 24953 | Lair:4   | Found a hole to the Spider Nest.
 25728 | Lair:5   | Gained mutation: You are partially covered in rugged brown scales (AC +1, +3% HP). [potion of beneficial mutation]
 26264 | Lair:5   | Reached skill level 14 in Spellcasting
 27859 | Lair:6   | Got a smoking war axe
 27860 | Lair:6   | Identified the cursed -1 war axe "Usim" {drain, +Rage rN+ MR- Dex+4} (You found it on level 6 of the Lair of Beasts)
 29081 | Lair:7   | Received a gift from Sif Muna
 29137 | Lair:7   | Identified Praw's Catalogue of Ashen Shape Shifting (Sif Muna gifted it to you on level 7 of the Lair of Beasts)
 29223 | Lair:8   | Entered Level 8 of the Lair of Beasts
 29223 | Lair:8   | Noticed Nergalle
 29446 | Lair:7   | Noticed faibistes' ghost (powerful DEWz)
 29457 | Lair:7   | Killed faibistes' ghost
 29882 | Lair:8   | Killed Nergalle
 30270 | Lair:7   | Reached XP level 14. HP: 82/82 MP: 23/38
 30616 | Lair:7   | Found a staircase to the Slime Pits.
 32308 | Lair:8   | Noticed Harold
 32316 | Lair:8   | Killed Harold
 32655 | Lair:8   | Reached skill level 10 in Dodging
 32669 | Lair:8   | Reached skill level 15 in Spellcasting
 32897 | Lair:8   | Identified Roxanne's Almanac of Dusty Transmutation
 32902 | Lair:8   | Learned a level 3 spell: Passwall
 33207 | D:11     | Noticed a hill giant
 33211 | D:11     | Killed a hill giant
 33288 | D:11     | Noticed a six-headed hydra
 33293 | D:11     | Killed a six-headed hydra
 33352 | D:11     | Noticed a hill giant
 33364 | D:11     | Killed a hill giant
 34679 | D:12     | Found Xehezie's Armour Emporium.
 34683 | D:12     | Bought a +0 pair of gloves of dexterity for 115 gold pieces
 35248 | D:13     | Received a gift from Sif Muna
 35249 | D:13     | Identified Sif Muna's Handbook of Dusty Battle Magic (Sif Muna gifted it to you on level 13 of the Dungeon)
 35289 | D:13     | Learned a level 6 spell: Iron Shot
 35413 | D:13     | Found Ohousing's Jewellery Shoppe.
 35504 | D:14     | Noticed Louise
 35714 | D:14     | Noticed Josephine
 35719 | D:14     | Killed Josephine
 37078 | D:12     | Found a staircase to the Orcish Mines.
 37338 | Lair:2   | Learned a level 6 spell: Poisonous Cloud
 37602 | Orc:1    | Entered Level 1 of the Orcish Mines
 37749 | Orc:4    | Entered Level 4 of the Orcish Mines
 38719 | Orc:4    | Reached XP level 15. HP: 88/88 MP: 15/39
 39617 | Orc:3    | Found Waqun's Armour Emporium.
 39617 | Orc:3    | Found Siunoj's Gadget Shop.
 39868 | Orc:3    | Found Avac's Gadget Shop.
 39887 | Orc:3    | Found Pnucuev's Food Shoppe.
 40326 | Orc:2    | Found Gaemarix's Assorted Antiques.
 40333 | Orc:2    | Bought a scroll of blinking for 187 gold pieces
 40333 | Orc:2    | Bought a scroll labeled DIOFFI WONANA for 25 gold pieces
 40333 | Orc:2    | Bought a crooked jewelled staff for 300 gold pieces
 40333 | Orc:2    | Bought a scroll of identify for 50 gold pieces
 40333 | Orc:2    | Bought a silver ring for 125 gold pieces
 40333 | Orc:2    | Bought a bone wand for 100 gold pieces
 40333 | Orc:2    | Bought a lead wand for 100 gold pieces
 40762 | Orc:3    | Found Nula's Weapon Shoppe.
 41216 | Orc:3    | Reached skill level 10 in Invocations
 42024 | Orc:4    | Found Hoabius' Antique Armour Shop.
 42126 | Orc:4    | Found Blej's Book Boutique.
 42127 | Orc:4    | Noticed Sonja
 42131 | Orc:4    | Noticed an orc warlord
 42143 | Orc:4    | Lost strength.
 42196 | Orc:4    | Killed Sonja
 42460 | Orc:4    | Found Thratali's General Store.
 42471 | Orc:4    | Bought 2 potions of heal wounds for 160 gold pieces
 42519 | Orc:4    | Killed an orc warlord
 43478 | Orc:4    | Found a runed door.
 43582 | Orc:4    | Found Qaufinlaet's Antique Weapon Shop.
 43648 | Orc:4    | Reached skill level 10 in Fire Magic
 43725 | Orc:4    | Found a staircase to the Elven Halls.
 44078 | Orc:4    | Reached skill level 10 in Conjurations
 44270 | Orc:4    | Found a roughly hewn altar of Beogh.
 44354 | Elf:1    | Entered Level 1 of the Elven Halls
 44539 | Elf:1    | Received a gift from Sif Muna
 44540 | Elf:1    | Identified Sif Muna's Compendium of Conjuration (Sif Muna gifted it to you on level 1 of the Elven Halls)
 44563 | Elf:1    | Noticed Agnes
 44746 | Elf:1    | Killed Agnes
 44746 | Elf:1    | Reached skill level 16 in Spellcasting
 44939 | Elf:1    | Noticed Urug
 45067 | Elf:1    | Noticed Asterion
 45080 | Elf:1    | Killed Asterion
 45080 | Elf:1    | Reached skill level 10 in Earth Magic
 45595 | Elf:2    | Noticed faibistes' ghost (powerful DEWz)
 45601 | Elf:2    | Killed faibistes' ghost
 45869 | Elf:2    | Received a gift from Sif Muna
 45874 | Elf:2    | Identified Sif Muna's Almanac of the Voyage and Earth (Sif Muna gifted it to you on level 2 of the Elven Halls)
 46244 | Elf:1    | Killed Urug
 46455 | Elf:1    | Found Kaocruc's Antique Weapon Shoppe.
 46706 | Elf:1    | Gained mutation: Your mind is acute. (Int +2) [potion of beneficial mutation]
 47255 | Elf:1    | Reached XP level 16. HP: 94/94 MP: 40/40
 49005 | Elf:2    | Found a runed gate.
 49006 | Elf:2    | Found a runed gate.
 49006 | Elf:2    | Found a runed gate.
 49271 | Elf:2    | Noticed Wiglaf
 49525 | Elf:2    | Killed Wiglaf
 49525 | Elf:2    | Reached skill level 17 in Spellcasting
 49793 | Elf:2    | Received a gift from Sif Muna
 49794 | Elf:2    | Identified Sif Muna's Reference Book on the Shifting Blaze (Sif Muna gifted it to you on level 2 of the Elven Halls)
 50817 | Lair:2   | Learned a level 6 spell: Bolt of Fire
 50826 | Lair:2   | Learned a level 7 spell: Ring of Flames
 50925 | Spider:1 | Entered Level 1 of the Spider Nest
 51449 | Lair:2   | Learned a level 5 spell: Fireball
 53166 | Spider:2 | Received a gift from Sif Muna
 53167 | Spider:2 | Identified Sif Muna's Grimoire of Earth (Sif Muna gifted it to you on level 2 of the Spider Nest)
 53824 | Spider:4 | Reached XP level 17. HP: 101/101 MP: 34/42
 53933 | Spider:4 | Reached skill level 10 in Charms
 54811 | Spider:5 | Entered Level 5 of the Spider Nest
 54835 | Spider:5 | Reached skill level 18 in Spellcasting
 55218 | Spider:2 | Received a gift from Sif Muna
 55257 | Spider:2 | Learned a level 5 spell: Lee's Rapid Deconstruction
 55371 | Spider:2 | Identified Sif Muna's Disquisition on Shape Shifting and Orientation (Sif Muna gifted it to you on level 2 of the Spider Nest)
 55668 | Spider:2 | Got a scintillating ivory ring
 55670 | Spider:2 | Identified the ring of Psychosis {rElec rPois MR- Str+3 Dex+2 Stlth+} (You found it on level 2 of the Spider Nest)
 59167 | Spider:5 | Received a gift from Sif Muna
 59168 | Spider:5 | Identified Sif Muna's Incunabulum of Flamy Arcane Weapons (Sif Muna gifted it to you on level 5 of the Spider Nest)
 59387 | Spider:5 | Reached skill level 15 in Earth Magic
 61243 | Spider:5 | Got a gossamer rune of Zot
 62108 | Orc:4    | Bought the Disquisition on Enhancements and Venom for 540 gold pieces
 62129 | Orc:4    | Bought a scroll of amnesia for 56 gold pieces
 62129 | Orc:4    | Bought a scroll of amnesia for 56 gold pieces
 62129 | Orc:4    | Bought a scroll of teleportation for 48 gold pieces
 62129 | Orc:4    | Bought a scroll of teleportation for 48 gold pieces
 62365 | Lair:2   | Learned a level 6 spell: Deflect Missiles
 62387 | Shoals:1 | Entered Level 1 of the Shoals
 62676 | Shoals:1 | Reached XP level 18. HP: 108/108 MP: 28/43
 63142 | Shoals:1 | Noticed Maud
 63155 | Shoals:1 | Killed Maud
 63451 | Shoals:2 | Reached skill level 19 in Spellcasting
 63581 | Shoals:1 | Got a pitted great sword
 63582 | Shoals:1 | Identified the +2 great sword of the Known World {drain, rN+ Int+5} (You found it on level 1 of the Shoals)
 64415 | Shoals:3 | Received a gift from Sif Muna
 64416 | Shoals:3 | Identified Sif Muna's Incunabulum of Attacks and Feathers (Sif Muna gifted it to you on level 3 of the Shoals)
 64499 | Shoals:2 | Noticed Donald
 64507 | Shoals:2 | Killed Donald
 64723 | Shoals:2 | Found a runed door.
 65749 | Shoals:2 | Got a shimmering jade ring
 65751 | Shoals:2 | Identified the ring "Thopos Atzo" {Str+5 Stlth-} (You found it on level 2 of the Shoals)
 65827 | Shoals:3 | Noticed Rupert
 65861 | Shoals:3 | Killed Rupert
 67274 | Shoals:5 | Entered Level 5 of the Shoals
 68123 | Shoals:4 | Got an ichor-stained morningstar
 68124 | Shoals:4 | Identified the cursed +2 morningstar of the Forgotten Dances {crush, rElec Int+2} (You found it on level 4 of the Shoals)
 68167 | Shoals:5 | Noticed Jorgrun
 68361 | Shoals:5 | Killed Jorgrun
 68603 | Shoals:5 | Noticed Ilsuiw
 68747 | Shoals:5 | Killed Ilsuiw
 68781 | Shoals:5 | Noticed pedritolo's ghost (powerful SpEn)
 68783 | Shoals:5 | Killed pedritolo's ghost
 68803 | Shoals:5 | Received a gift from Sif Muna
 69614 | Shoals:5 | Reached XP level 19. HP: 96/115 MP: 10/44
 69789 | Shoals:5 | Got a barnacled rune of Zot
 70022 | Shoals:5 | Got a transparent turquoise ring
 70024 | Shoals:5 | Identified the ring of Gogy {MP+9 Int+3} (You found it on level 5 of the Shoals)
 70781 | Lair:2   | Learned a level 8 spell: Lehudib's Crystal Spear
 70919 | D:13     | Found Puics' Book Emporium.
 71144 | D:13     | Found Dagg's Assorted Antiques.
 71151 | D:13     | Bought a thin smoking staff for 288 gold pieces
 71151 | D:13     | Bought a scroll labeled CERRAP OCEKHLIBB for 24 gold pieces
 71381 | D:13     | Found Smutequr's Gadget Boutique.
 71731 | D:14     | Killed Louise
 71868 | D:14     | Noticed Frances
 71870 | D:14     | Killed Frances
 72440 | D:15     | Entered Level 15 of the Dungeon
 72578 | D:15     | Reached skill level 20 in Spellcasting
 73470 | D:14     | Found a gate to the Vaults.
 73580 | D:14     | Received a gift from Sif Muna
 73816 | D:14     | Reached skill level 10 in Fighting
 74064 | D:14     | Reached skill level 15 in Conjurations
 74284 | D:15     | Found a bloodstained altar of Trog.
 75146 | D:15     | Reached skill level 15 in Fire Magic
 75228 | D:15     | Found a staircase to the Depths.
 75543 | D:15     | Reached skill level 10 in Translocations
 75955 | Vaults:1 | Entered Level 1 of the Vaults
 76994 | Vaults:1 | Received a gift from Sif Muna
 76999 | Vaults:1 | Identified Sif Muna's Volume of Frigorific Protection (Sif Muna gifted it to you on level 1 of the Vaults)
 77760 | Vaults:1 | Found Keohecakk's Antique Armour Shoppe.
 77871 | Vaults:1 | Reached XP level 20. HP: 121/121 MP: 32/45
 78400 | Vaults:1 | HP: 6/121 [fire giant/fireball (42)]
 78401 | Vaults:1 | Slain by a fire giant

Action                   |  1- 3 |  4- 6 |  7- 9 | 10-12 | 13-15 | 16-18 | 19-21 || total
-------------------------+-------+-------+-------+-------+-------+-------+-------++-------
Melee: Dagger            |     3 |     6 |    39 |    79 |   177 |     9 |       ||   313
       Staff             |       |       |       |       |       |     1 |     2 ||     3
 Cast: Magic Dart        |    70 |   165 |   339 |   893 |   405 |    27 |       ||  1899
       Conjure Flame     |     1 |     2 |    39 |   109 |   131 |       |       ||   282
       Mephitic Cloud    |     1 |     2 |    16 |    65 |    52 |     3 |       ||   139
       Repel Missiles    |       |     2 |     1 |       |     4 |     1 |       ||     8
       Blink             |       |     2 |    14 |    25 |    10 |    22 |     1 ||    74
       Call Imp          |       |       |     6 |     1 |     1 |       |       ||     8
       Ignite Poison     |       |       |       |    54 |   114 |   134 |    12 ||   314
       Force Lance       |       |       |       |    80 |   224 |    75 |     9 ||   388
       Lightning Bolt    |       |       |       |       |   320 |    45 |       ||   365
       Poisonous Cloud   |       |       |       |       |    32 |    29 |    15 ||    76
       Petrify           |       |       |       |       |     1 |       |       ||     1
       Iron Shot         |       |       |       |       |    11 |    68 |     1 ||    80
       Bolt of Fire      |       |       |       |       |       |   184 |   144 ||   328
       Fireball          |       |       |       |       |       |   231 |    47 ||   278
       Ring of Flames    |       |       |       |       |       |    34 |     8 ||    42
       Lee's Rapid Decon |       |       |       |       |       |    54 |    82 ||   136
       Deflect Missiles  |       |       |       |       |       |     2 |     4 ||     6
       Lehudib's Crystal |       |       |       |       |       |       |    13 ||    13
Invok: Channel Energy    |       |       |       |    14 |    53 |   149 |    36 ||   252
       Forget Spell      |       |       |       |       |       |     2 |       ||     2
Evoke: Wand              |       |       |       |     1 |       |       |     1 ||     2
  Use: Scroll            |       |     8 |     9 |     9 |    23 |    15 |     6 ||    70
       Potion            |       |       |     1 |       |     8 |     5 |       ||    14
 Stab: Confused          |       |       |     3 |     5 |     4 |       |       ||    12
       Sleeping          |       |       |       |     1 |     1 |       |       ||     2
  Eat: Chunk             |     2 |    10 |    16 |    44 |    54 |    69 |    30 ||   225
       Beef jerky        |       |       |       |     1 |     4 |     4 |       ||     9
       Fruit             |       |       |       |       |    10 |     2 |       ||    12
       Pizza             |       |       |       |       |     3 |     1 |     1 ||     5
       Bread ration      |       |       |       |       |     2 |     5 |       ||     7
